 Dungeon Crawl Stone Soup version 0.30-a0-322-g102857c98e (webtiles) character file.

Game seed: 14370062102343819173

130 lunkers the Cutter (level 5, -5/41 HPs)
             Began as a Meteoran Reaver on Oct 27, 2022.
             Slain by a gnoll
             ... wielding a +0 flail
             ... led by a gnoll bouda
              (9 damage)
             ... on level 4 of the Dungeon.
             The game lasted 00:02:10 (954 turns).

lunkers the Cutter (Meteoran Reaver)                 Turns: 954, Time: 00:02:11

Health: -5/41      AC:  4    Str: 12 (14) XL:     5   Next: 63%
Magic:  10/10      EV: 12    Int: 17 (20) God:
Gold:   91         SH:  5    Dex: 14      Spells: 8/9 levels left

rFire   . . .      SeeInvis .    a - +0 short sword
rCold   . . .      Faith    .    (no shield)
rNeg    . . .      Spirit   .    b - +0 leather armour
rPois   .          Reflect  +    (no helmet)
rElec   .          Harm     .    (no cloak)
rCorr   .          Rampage  .    (no gloves)
Will    .....                    l - +0 pair of boots
Stlth   +.........               k - amulet of reflection
HPRegen 0.26/turn                c - +6 ring of intelligence
MPRegen 0.12/turn                (no ring)

@: weakened, glowing
A: sense surroundings 1, otherworldly, glowing, explore regen
a: no special abilities


You were on level 4 of the Dungeon.
You visited 1 branch of the dungeon, and saw 4 of its levels.

You collected 91 gold pieces.

Inventory:

Hand Weapons
 a - a +0 short sword (weapon)
Armour
 b - a +0 leather armour (worn)
 l - a +0 pair of boots (worn)
Jewellery
 c - a +6 ring of intelligence (left hand)
 d - a ring of fire
 k - an amulet of reflection (around neck)
Scrolls
 e - 2 scrolls of fear {unknown}
 f - 2 scrolls of torment {unknown}
 i - a scroll of identify {unknown}
 j - a scroll of enchant weapon {unknown}


   Skills:
 - Level 2.1 Fighting
 - Level 4.4 Short Blades
 - Level 2.4 Dodging
 + Level 4.4 Unarmed Combat
 - Level 2.6 Spellcasting
 - Level 3.6 Conjurations


You had 8 spell levels left.
You knew the following spells:

 Your Spells              Type           Power      Damage    Failure   Level
p - Kiss of Death         Conj/Necr      32%        2d7       11%         1

Your spell library contained the following spells:

 Spells                   Type           Power      Damage    Failure   Level
 Momentum Strike          Conj/Tloc      16%        3d8       17%         2
 Hailstorm                Conj/Ice       8%         3d4       32%         3
 Ignite Poison            Fire/Tmut/Pois 2%         N/A       56%         3
 Sticky Flame             Conj/Fire      8%         2d3       73%         4
 Animate Armour           Summ/Erth      4%         N/A       92%         4
 Blade Hands              Tmut           1%         N/A       99%         5
 Iron Shot                Conj/Erth      4%         9d2       100%        6
 Ignition                 Fire           1%         3d3       100%        8


Dungeon Overview and Level Annotations

Branches:
Dungeon (4/15) Zot: 1474
 Temple: D:4-7

Altars:
Dithmenos


Innate Abilities, Weirdness & Mutations

You passively map a small area around you.
You are easily found by Zot.
You glow in the dark.
You regain HP and MP as you explore.


Message History

Found a stone staircase leading down.
You now have 91 gold pieces (gained 8).
There is a stone staircase leading down here.
Magic restored.
A gnoll comes into view. It is wielding a +0 flail.
The gnoll shouts!
You hear a shout! x3
A phantom comes into view.
You hear a shout! x2
You hit the gnoll.
The gnoll is lightly wounded.
You block the gnoll's attack.
You hit the gnoll but do no damage.
The gnoll is lightly wounded.
A gnoll comes into view. It is wielding a +0 flail.
The gnoll hits you with a +0 flail.
A gnoll bouda comes into view. It is wielding a +0 club.
You barely miss the gnoll.
The gnoll is lightly wounded.
The gnoll hits you with a +0 flail.
The gnoll bouda gazes fiercely through you!
You feel your attacks grow feeble. The gnoll attacks as you move away!
The gnoll hits you with a +0 flail!
* * * LOW HITPOINT WARNING * * *
The gnoll throws a throwing net.
The throwing net hits you.
You become entangled in the net!
A gnoll comes into view. It is wielding a +0 spear.
You see here a throwing net.
You struggle against the net.
You struggle against the net.
The gnoll barely misses you.
You struggle against the net.
The gnoll hits you with a +0 flail!
* * * LOW HITPOINT WARNING * * *
The gnoll bouda barks out a call to the hunt!
The gnolls pick up the pace!
You struggle against the net.
The gnoll hits you with a +0 flail!
* * * LOW HITPOINT WARNING * * *
The gnoll bouda gazes fiercely through you!
You feel as though you will be weak longer.
You shred the net and break free! The gnoll barely misses you.
The gnoll attacks as you move away! The gnoll hits you with a +0 flail!
You die...

* * ## * * . * *
######## .# ## * *
* #......##.#....
#.####.#.g..# ,
#.######.####.W# ,
.......>...##g#.#,
*
#.######.#.##@##.#
#.<....# ##* ,
##...### *
##.....#### ,
#.......... * *
###.....###.# *
###............*
#......(.###.# *
#......#.# ,#


You could see a phantom and a gnoll (swift).

Vanquished Creatures
  A black bear (D:4)
  An adder (D:2)
  2 worms (D:3)
  A dart slug (D:3)
  2 endoplasms
  2 giant cockroaches
  4 goblins
  A hobgoblin (D:2)
  3 quokkas
  2 frilled lizards (D:3)
  2 kobolds
  3 rats
24 creatures vanquished.

Notes
Turn   | Place    | Note
-------+----------+-------------------------------------------
     0 | D:1      | lunkers the Meteoran Reaver began the quest for the Orb.
     0 | D:1      | Reached XP level 1. HP: 17/17 MP: 5/5
    86 | D:1      | Found a faded altar of an unknown god.
   181 | D:1      | Reached XP level 2. HP: 24/24 MP: 6/6
   346 | D:2      | Reached XP level 3. HP: 29/29 MP: 8/8
   588 | D:3      | Found a shadowy altar of Dithmenos.
   668 | D:3      | Reached skill level 1 in Unarmed Combat
   904 | D:4      | Noticed a black bear
   914 | D:4      | Reached XP level 4. HP: 28/36 MP: 9/9
   921 | D:4      | Killed a black bear
   922 | D:4      | Reached XP level 5. HP: 16/41 MP: 7/10
   943 | D:4      | Noticed a phantom
   954 | D:4      | Slain by a gnoll

Illustrated notes

Levels and vault maps discovered:
D:1:      dpeg_arrival_short_road, layout_loops_cross,
          dreamdust_ecumenical_altar_statues, nicolae_eternal_life,
          dreamdust_princess_corridor, hex_tiny, dreamdust_princess_bridge,
          minmay_tetromino_o4
D:2:      layout_basic, nrook_campfire
D:3:      layout_rooms, nicolae_dithmenos_shadow_blocks
D:4:      layout_loops_cross, chequers_serial_rivers_room_b

Skill      XL: |  1  2  3  4 |
---------------+-------------+-----
Short Blades   | 4 |  4.4
Unarmed Combat | 1 4 |  4.4
Fighting       | |  2.1
Dodging        | |  2.4
Spellcasting   | |  2.6
Conjurations   | |  3.6

Action                   |  1- 3 |  4- 6 || total
-------------------------+-------+-------++-------
Melee: Short sword       |   117 |     9 ||   126
       Punch             |     1 |       ||     1
 Cast: Kiss of Death     |       |     2 ||     2
  Use: Potion            |     3 |       ||     3
Armor: Leather armour    |    23 |       ||    23
Dodge: Dodged            |    36 |     9 ||    45
Block: Other             |     1 |     1 ||     2

Table legend: (Time is in decaauts)
 A = Elapsed time spent in this place.
 B = Non-inter-level travel time spent in this place.
 C = Inter-level travel time spent in this place.
 D = Time resting spent in this place.
 E = Time spent auto-exploring this place.
 F = Levels seen in this place.
 G = Mean time per level.
                   A        B        C        D        E       F      G
               +--------+--------+--------+--------+--------+-----+--------+
         Total |    925 |    893 |     32 |      0 |    634 |   4 |  231.2 |
       Dungeon |    925 |    893 |     32 |      0 |    634 |   4 |  231.2 |
               +--------+--------+--------+--------+--------+-----+--------+

Top non-repeatable levels by time:
     D:2: 344 daAuts
     D:3: 324 daAuts
     D:1: 208 daAuts
     D:4: 48 daAuts
